 Dungeon Crawl Stone Soup version 0.29.1-13-g9f3cf754e1 (webtiles) character file.

Game seed: 7869927850558126930

32232 shadowmeld the Eclecticist (level 14, -17/101 HPs)
             Began as a Djinni Ice Elementalist on Feb 3, 2023.
             Was a Believer of Ashenzari.
             Killed from afar by a tengu reaver (40 damage)
             ... with a bolt of lightning
             ... on level 13 of the Dungeon on Feb 4, 2023.
             The game lasted 01:29:37 (13185 turns).

shadowmeld the Eclecticist (DjIE)                  Turns: 13185, Time: 01:29:37

Health: -17/101    AC: 12    Str:  3    XL:     14   Next: 1%
Gold:   732        EV: 12    Int: 28    God:    Ashenzari [**....] SH: 13 Dex: 14

rFire   + + .      SeeInvis +   z - +5 trident "Manifest Doubts" {protect, Fort, Melee} (curse)
rCold   x . .      Faith    .   f - +0 tower shield
rNeg    . . .      Spirit   .   x - +2 robe "Ashrau Otats" {+Blink Regen+ Str-4 Int+6}
rPois   ∞          Reflect  .   B - +2 hat
rElec   .          Harm     .   q - +2 cloak "Seer of Ashenzari" {Self, Melee} (curse)
rCorr   .          Rampage  .   b - +2 pair of gloves {Stlth+}
Will    +....                   (boots unavailable)
Stlth   +++.......              a - amulet of regeneration
HPRegen 1.86/turn               m - ring "Stars of the Soothsayer" {AC+4, Self, Range} (curse)
MPRegen 0.00/turn               (no ring)

@: corroded, on blink cooldown, flying, studying Stealth
A: sickness immunity, fire resistance 2, cold vulnerability 1, float, innate
caster, HP casting, extra vitality 1
a: Renounce Religion, Evoke Blink, Curse Item, Shatter the Chains


You were on level 13 of the Dungeon.
You worshipped Ashenzari.
Ashenzari was pleased with you.
You visited 2 branches of the dungeon, and saw 14 of its levels.

You collected 946 gold pieces.
You spent 214 gold pieces at shops.

Inventory:

Hand Weapons
 z - the cursed +5 trident "Manifest Doubts" (weapon) {protect, Fort, Melee}
   (You took it off a gnoll sergeant on level 7 of the Dungeon)

   It grants its wielder temporary protection when it strikes (+7 to AC).
   It has a curse which improves the following skills: Fortitude: Armour and
   Shields.
   Melee Combat: Short Blades, Long Blades, Axes, Maces & Flails, Polearms,
   Staves and Unarmed Combat.
Missiles
 A - 9 poisoned darts
 J - 4 datura-tipped darts
Armour
 b - a +2 pair of gloves of stealth (worn)
 f - a +0 tower shield (worn)
 q - the cursed +2 cloak "Seer of Ashenzari" (worn) {Self, Melee}
   (You found it on level 3 of the Dungeon)

   It has a curse which improves the following skills: Introspection: Fighting
   and Spellcasting.
   Melee Combat: Short Blades, Long Blades, Axes, Maces & Flails, Polearms,
   Staves and Unarmed Combat.
 x - the +2 robe "Ashrau Otats" (worn) {+Blink Regen+ Str-4 Int+6}
   (You acquired it on level 6 of the Dungeon)

   Str:       It affects your strength (-4).
   Int:       It affects your intelligence (+6).
   +Blink:    It lets you blink.
   Regen:     It increases your rate of health regeneration.
 B - a +2 hat (worn)
 G - a +0 troll leather armour
 K - a +1 hat
Jewellery
 a - an amulet of regeneration (around neck)
 m - the cursed ring "Stars of the Soothsayer" (left hand) {AC+4, Self, Range}
   (You found it on level 2 of the Dungeon)

   [ring of protection]

   AC:        It affects your AC (+4).
   It has a curse which improves the following skills: Introspection: Fighting
   and Spellcasting.
   Ranged Combat: Ranged Weapons and Throwing.
Wands
 r - a wand of flame (17)
 w - a wand of charming (9)
 H - a wand of digging (13)
 I - a wand of quicksilver (8)
 L - a wand of polymorph (1)
Scrolls
 c - 2 scrolls of teleportation
 g - 2 scrolls of magic mapping
 i - 2 scrolls of enchant weapon
 k - 6 scrolls of immolation
 l - 3 scrolls of blinking
 o - a scroll of summoning
 t - a scroll of torment
 v - a scroll of fog
 y - 2 scrolls of vulnerability
 E - 2 scrolls of poison
Potions
 d - 2 potions of haste
 e - 5 potions of might
 h - 6 potions of heal wounds
 j - 10 potions of curing
 n - 4 potions of cancellation
 p - a potion of attraction
 s - a potion of resistance
 u - a potion of berserk rage
 C - 4 potions of brilliance
 D - 10 potions of ambrosia
 F - a potion of lignification


   Skills:
 * Level 7.6(9.6) Fighting
 * Level 8.4 Dodging
 + Level 2.6 Stealth
 + Level 3.1(4.2) Shields
 * Level 17.3(19.1) Spellcasting


You had 20 spell levels left.
You knew the following spells:

 Your Spells              Type           Power      Damage    Failure   Level
a - Freeze                Ice            100%       1d11      0%          1
b - Frozen Ramparts       Ice            100%       1d16      1%          3
c - Ozocubu's Armour      Ice            93%        N/A       1%          3
d - Hailstorm             Conj/Ice       93%        3d18      1%          4
e - Sandblast             Erth           100%       2d20      0%          1
f - Scorch                Fire           100%       2d10      0%          2
g - Teleport Other        Tloc           93%        N/A       1%          3
h - Iskenderun's Mystic   Conj/Tloc      93%        2d18      1%          4
i - Lightning Bolt        Conj/Air       46%        1d66      1%          5
j - Metabolic Englaciati  Hex/Ice        46%        N/A       1%          5
Your spell library was empty.

Dungeon Overview and Level Annotations

Branches:
Dungeon (13/15)            Temple (1/1) D:5            Lair (0/5) D:9
    Orc (0/2) D:11
 Vaults: D:13-14

Altars:
Ashenzari
Cheibriados
Dithmenos
Elyvilon
Fedhas
Gozag
Hepliaklqana
Makhleb
Nemelex Xobeh
Okawaru
Qazlal
Ru
Trog
Uskayaw
Wu Jian
Xom
Yredelemnul
Zin
The Shining One

Shops:
D:7 [   D:11 (


Innate Abilities, Weirdness & Mutations

You are immune to sickness and miasma.
You are immune to poison.
Your flesh is very heat resistant. (rF++)
You are vulnerable to cold. (rC-)
You float through the air rather than walking.
You learn spells naturally, not from books.
Your magical power is your life essence.
You have superior vitality. (+4 MHP)


Message History

A wizard comes into view. It is wielding a +0 dagger.
Casting: Lightning Bolt (mildly dangerous; 1% risk of failure)
Confirm with . or Enter, or press ? or * to list all spells.
Casting: Hailstorm (safe; 1% risk of failure)
Press: ? - help, Dir - look around, f - activate A cannonade of hail descends around you!
The hail pelts the wizard!!!
The wizard is almost dead.
A deep troll earth mage comes into view.
Casting: Hailstorm (safe; 1% risk of failure)
Confirm with . or Enter, or press ? or * to list all spells.
Casting: Hailstorm (safe; 1% risk of failure)
Press: ? - help, Dir - look around, f - activate A cannonade of hail descends around you!
The hail pelts the deep troll earth mage!
The deep troll earth mage is moderately wounded.
The hail pelts the tengu reaver!
The tengu reaver partially resists.
The tengu reaver is lightly wounded.
The wizard mumbles some strange words.
The wizard flickers and vanishes for a moment.
The deep troll earth mage attacks as you move away!
The deep troll earth mage bites you! The deep troll earth mage misses you.
You block the deep troll earth mage's attack.
There is an open door here.
The wizard howls an incantation.
You feel disoriented.
The deep troll earth mage points next to you and mumbles some strange words.
The wall shatters!
The blast of rock fragments hits you!!
The tengu reaver gestures at you while chanting.
The bolt of fire hits you! You resist.
* * * LOW HITPOINT WARNING * * *
The wizard becomes larger for a moment.
The wizard gestures wildly while chanting.
The wizard blinks!
There is an open door here.
Okay, then.
You blink.
The tengu reaver casts a spell at you. The bolt of lightning hits you!!!
You die...

* *####### * #.....#
~,#@.#,.# ~ ~ +§#⌠#.+, *
* #..#Q.# ######### *
#p....#, #⌠.....⌠#
###T### * #.......# #.#
#.##.##.# ######§######
##.......# #≈≈≈≈§~≈≈≈≈≈#
#≈.......####≈##.....##≈#


You could see a tengu reaver, a deep troll earth mage and a wizard (invisible).

Vanquished Creatures
  Gastronok (D:8)
  An entropy weaver (shapeshifter) (D:13)
  2 hydras
  2 centaur warriors
  11 two-headed ogres
  2 boulder beetles
  2 ogre magi (D:13)
  4 deep elf pyromancers (D:13)
  An orc sorcerer (D:13)
  3 cyclopes
  A gargoyle (D:12)
  An unseen horror (D:10)
  5 tengu conjurers
  6 kobold demonologists (D:13)
  A queen bee (D:10)
  3 trolls
  A hornet (D:9)
  4 slime creatures (D:12)
  Sigmund (D:3)
  A shadow (D:11)
  3 vampires
  3 wyverns
  11 yaks
  4 wraiths
  A basilisk (D:13)
  4 vampire mosquitoes (D:13)
  A water moccasin (D:7)
  13 orc warriors
  A swamp drake (D:11)
  2 ogres
  2 black bears
  2 ice beasts
  3 sky beasts
  6 centaurs
  A kobold brigand (D:10)
  Blork the orc (D:6)
  7 bullfrogs
  2 gnoll sergeants
  A scorpion (D:6)
  32 killer bees
  10 electric eels
  8 howler monkeys
  2 lava snakes (D:11)
  2 hounds (D:7)
  14 orc priests
  4 gnoll boudas
  A jelly (D:8)
  4 iguanas
  Terence (D:3)
  7 orc wizards
  24 gnolls
  9 adders
  2 shadow imps
  A white imp (D:7)
  An ufetubus (D:5)
  2 worms
  The ghost of gdog the Covert, a weakling GnDe (D:6)
  65 orcs
  9 endoplasms
  3 giant cockroaches
  9 goblins
  5 hobgoblins
  5 jackals (D:2)
  8 kobolds
  5 quokkas
  4 ball pythons (D:1)
  2 bats
  6 frilled lizards
  6 rats
373 creatures vanquished.

Vanquished Creatures (others)
  3 plants (D:9)
3 creatures vanquished.

Grand Total: 376 creatures vanquished

Notes
Turn   | Place    | Note
-------+----------+-------------------------------------------
     0 | D:1      | shadowmeld the Djinni Ice Elementalist began the quest for
                  | the Orb.
     0 | D:1      | shadowmeld set off with the following spells memorised:
                  | Freeze, Frozen Ramparts, Ozocubu's Armour, Hailstorm.
     0 | D:1      | Reached XP level 1. HP: 15/15 MP: 0/0
   249 | D:1      | Reached XP level 2. HP: 20/21 MP: 0/0
   447 | D:1      | Reached XP level 3. HP: 11/26 MP: 0/0
   447 | D:1      | Learned a level 1 spell: Sandblast
  1231 | D:2      | Reached skill level 4 in Spellcasting
  1385 | D:2      | Reached XP level 4. HP: 28/31 MP: 0/0
  2179 | D:3      | Noticed Sigmund
  2197 | D:3      | Killed Sigmund
  2198 | D:3      | Reached skill level 1 in Fighting
  2198 | D:3      | Reached skill level 5 in Spellcasting
  2198 | D:3      | Reached XP level 5. HP: 13/37 MP: 0/0
  2198 | D:3      | Learned a level 2 spell: Scorch
  2198 | D:3      | Reached XP level 6. HP: 15/42 MP: 0/0
  2421 | D:3      | Found an ornate altar of the Wu Jian Council.
  2526 | D:3      | Noticed Terence
  2529 | D:3      | Killed Terence
  2841 | D:3      | Found a faded altar of an unknown god.
  3408 | D:4      | Noticed an ogre
  3414 | D:4      | Killed an ogre
  3415 | D:4      | Reached XP level 7. HP: 38/48 MP: 0/0
  3415 | D:4      | Learned a level 3 spell: Teleport Other
  3976 | D:5      | Entered Level 5 of the Dungeon
  4027 | D:5      | Found a staircase to the Ecumenical Temple.
  4035 | Temple   | Entered the Ecumenical Temple
  4107 | Temple   | Became a worshipper of Ashenzari the Shackled
  4384 | D:5      | Reached skill level 6 in Spellcasting
  4483 | D:5      | Found a sacrificial altar of Ru.
  5072 | D:5      | Reached XP level 8. HP: 51/55 MP: 0/0
  5516 | D:6      | Reached skill level 7 in Spellcasting
  6178 | D:6      | Noticed Blork the orc
  6194 | D:6      | Killed Blork the orc
  6368 | D:6      | Reached XP level 9. HP: 41/60 MP: 0/0
  6368 | D:6      | Learned a level 4 spell: Iskenderun's Mystic Blast
  6380 | D:6      | Reached skill level 8 in Spellcasting
  6565 | D:6      | Found a runed translucent door.
  6570 | D:6      | Noticed gdog's ghost (weakling GnDe)
  6585 | D:6      | Killed gdog's ghost
  7201 | D:6      | Reached * piety under Ashenzari
  7201 | D:6      | Identified 2 scrolls of acquirement
  7202 | D:6      | Acquired the +2 robe "Ashrau Otats" {+Blink Regen+ Str-4
                  | Int+6}
  7203 | D:6      | Acquired a manual of Spellcasting
  7358 | D:7      | Reached skill level 9 in Spellcasting
  7419 | D:7      | Identified the +1 robe of the Blessed Realm {Dex+4}
  7447 | D:7      | Found Leneuss's Armour Shop.
  7450 | D:7      | Bought a +1 pair of gloves of stealth for 214 gold pieces
  8391 | D:7      | Reached ** piety under Ashenzari
  8441 | D:8      | Reached skill level 10 in Spellcasting
  8443 | D:8      | Noticed Gastronok
  8462 | D:8      | Killed Gastronok
  8463 | D:8      | Reached skill level 5 in Dodging
  8463 | D:8      | Reached skill level 11 in Spellcasting
  8463 | D:8      | Reached XP level 10. HP: 55/70 MP: 0/0
  8489 | D:8      | Reached skill level 12 in Spellcasting
  8569 | D:8      | Identified the ring of the Tarantula {rN+ Will+ Str+3 Dex-5
                  | SInv}
  8780 | D:8      | Reached *** piety under Ashenzari
  9031 | D:8      | Found an iron altar of Okawaru.
  9103 | D:9      | Noticed a two-headed ogre
  9111 | D:9      | Killed a two-headed ogre
  9136 | D:9      | Reached skill level 1 in Shields
  9201 | D:9      | Reached skill level 13 in Spellcasting
  9303 | D:9      | Reached XP level 11. HP: 79/79 MP: 0/0
  9303 | D:9      | Learned a level 5 spell: Lightning Bolt
  9308 | D:9      | Found a blossoming altar of Fedhas.
  9316 | D:9      | Reached skill level 5 in Fighting
  9431 | D:9      | Reached skill level 14 in Spellcasting
  9464 | D:9      | Found a glowing golden altar of the Shining One.
  9500 | D:9      | Noticed a two-headed ogre
  9504 | D:9      | Killed a two-headed ogre
  9507 | D:9      | Found a staircase to the Lair.
  9881 | D:10     | Entered Level 10 of the Dungeon
  9890 | D:10     | Noticed a two-headed ogre
  9891 | D:10     | Killed a two-headed ogre
  9894 | D:10     | Noticed a centaur warrior
  9899 | D:10     | Killed a centaur warrior
 10005 | D:10     | Noticed a two-headed ogre
 10006 | D:10     | Killed a two-headed ogre
 10121 | D:10     | Reached XP level 12. HP: 79/86 MP: 0/0
 10132 | D:10     | Reached skill level 15 in Spellcasting
 10212 | D:10     | Found a glowing silver altar of Zin.
 10767 | D:11     | Noticed a two-headed ogre
 10772 | D:11     | Killed a two-headed ogre
 10818 | D:11     | Noticed a two-headed ogre
 10820 | D:11     | Killed a two-headed ogre
 10994 | D:11     | Found Rilyro's Weapon Shoppe.
 11248 | D:11     | Found a staircase to the Orcish Mines.
 11522 | D:11     | Noticed a two-headed ogre
 11523 | D:11     | Killed a two-headed ogre
 11571 | D:11     | Found a basalt altar of Yredelemnul.
 11738 | D:12     | Noticed a two-headed ogre
 11747 | D:12     | Killed a two-headed ogre
 11801 | D:12     | Noticed a two-headed ogre
 11805 | D:12     | Killed a two-headed ogre
 11806 | D:12     | Reached skill level 16 in Spellcasting
 11814 | D:12     | Noticed a two-headed ogre
 11824 | D:12     | Killed a two-headed ogre
 11825 | D:12     | Reached XP level 13. HP: 66/93 MP: 0/0
 11825 | D:12     | Learned a level 5 spell: Metabolic Englaciation
 11887 | D:12     | Noticed a boulder beetle
 11896 | D:12     | Killed a boulder beetle
 11984 | D:12     | Noticed an eight-headed hydra
 11988 | D:12     | Killed an eight-headed hydra
 12297 | D:13     | Noticed an eight-headed hydra
 12299 | D:13     | Killed an eight-headed hydra
 12355 | D:13     | Noticed a boulder beetle
 12359 | D:13     | Killed a boulder beetle
 12484 | D:13     | Noticed an ogre mage
 12485 | D:13     | Killed an ogre mage
 12509 | D:13     | Reached skill level 17 in Spellcasting
 12568 | D:13     | Identified the Octavo of Amassed Shadows
 12626 | D:13     | Identified the Handbook of Dark Combustion
 12688 | D:13     | Noticed an ogre mage
 12697 | D:13     | Killed an ogre mage
 12729 | D:13     | Identified the Anthology of Breath and Wicked Rites
 12787 | D:13     | Noticed an entropy weaver
 12803 | D:13     | Killed an entropy weaver
 12910 | D:13     | Noticed a centaur warrior
 12920 | D:13     | Killed a centaur warrior
 12924 | D:13     | Reached XP level 14. HP: 75/101 MP: 0/0
 13179 | D:13     | Noticed a tengu reaver
 13185 | D:13     | Killed from afar by a tengu reaver

Illustrated notes

Levels and vault maps discovered:
D:1:      amcnicky_arrival_choice, layout_rooms
D:2:      layout_loops_ring
D:3:      layout_basic, mainiacjoe_overflow_chevrons,
          chequers_ecumenical_altar_simple_redux, uniq_sigmund, uniq_terence
D:4:      layout_basic
D:5:      layout_loops_corners, general_overflow_altar,
          minmay_temple_entry_proselytizer
D:6:      layout_rooms, ebering_ghost_sewer_d, grunt_ministairs_9,
          chequers_decorated_corner, uniq_blork_the_orc
D:7:      layout_layer_cave, serial_shops, shop_statue
D:8:      layout_loops_ring, okawaru_altar_gauntlet_db, minmay_manual_moon,
          uniq_gastronok
D:9:      layout_long_grid, lemuel_round_altar, grunt_temple_overflow_open,
          david_lair_generic, st_stairs_2, serial_bayou_ford_a
D:10:     kennysheep_big_flooded_room, layout_loops_ring,
          mainiacjoe_overflow_brackets, st_stairs_10, minivault_7
D:11:     layout_loops_ring, erik_orc_1, serial_shops, nicolae_shop_trees,
          kennysheep_diamond
D:12:     layout_roguey [special_room_orc]
D:13:     evilmike_library_of_no_secrets, layout_basic
Temple:   regret_index_temple_generic_petals

Skill      XL: |  1  2  3  4  5  6  7  8  9 10 11 12 13 |
---------------+----------------------------------------+-----
Spellcasting   | 4 5 6 7 11 13 14 16 17 | 17.3
Fighting       | 1 2 3 4 5 6 7 |  7.6
Dodging        | 3 4 5 6 7 8 |  8.4
Shields        | 1 2 3 |  3.1
Stealth        | 2 |  2.6

Action                   |  1- 3 |  4- 6 |  7- 9 | 10-12 | 13-15 || total
-------------------------+-------+-------+-------+-------+-------++-------
Melee: Unarmed           |     2 |       |       |       |       ||     2
       Trident           |       |       |       |     1 |       ||     1
 Cast: Freeze            |    35 |     8 |     7 |    24 |     4 ||    78
       Sandblast         |    26 |    13 |    24 |    17 |     4 ||    84
       Frozen Ramparts   |       |     1 |     5 |     7 |     3 ||    16
       Scorch            |       |    22 |   121 |   102 |    11 ||   256
       Hailstorm         |       |       |     7 |    38 |    25 ||    70
       Lightning Bolt    |       |       |       |    60 |    54 ||   114
       Metabolic Englaci |       |       |       |       |     2 ||     2
Invok: Curse Item        |       |       |     4 |     1 |       ||     5
       Shatter the Chain |       |       |     1 |     1 |       ||     2
 Abil: Evoke Blink       |       |       |       |       |     1 ||     1
  Use: Scroll            |       |       |     4 |     1 |       ||     5
       Potion            |       |       |     1 |       |       ||     1
Armor: Robe              |     2 |     4 |    22 |    43 |    24 ||    95
Dodge: Dodged            |    19 |     9 |    41 |    35 |    12 ||   116
Block: Tower shield      |       |       |     7 |    66 |    26 ||    99
